 Dungeon Crawl Stone Soup version 0.30.1-11-g7821555f0a (webtiles) character file.

Game seed: 5575893852895048733

282 jagang the Slasher (level 6, -4/50 HPs)
             Began as a Barachi Monk on Nov 15, 2023.
             Slain by a wight
             ... wielding a +3 battleaxe
              (13 damage)
             ... on level 4 of the Dungeon.
             The game lasted 00:04:36 (2421 turns).

jagang the Slasher (Barachi Monk)                   Turns: 2421, Time: 00:04:36

Health: -4/50      AC: 12    Str: 12    XL:     6   Next: 28%
Magic:  6/6        EV:  3    Int: 11    God:
Gold:   114        SH:  0    Dex: 16    Spells: 5/5 levels left

rFire   . . .        a - +0 falchion
rCold   . . .        d - orb {light}
rNeg    . . .        v - +0 plate armour
rPois   .            (no helmet)
rElec   .            (no cloak)
rCorr   .            (no gloves)
SInv    .            x - +0 pair of boots
Will    .....        (no amulet) Stlth
                     (no ring)
HPRegen 0.28/turn    (no ring)
MPRegen 0.10/turn

%: no passive effects
@: glowing, slow
A: amphibious, slowness 1, strong legs 1, +LOS
a: Hop


You were on level 4 of the Dungeon.
You visited 1 branch of the dungeon, and saw 4 of its levels.

You collected 114 gold pieces.

Inventory:

Hand Weapons
 a - a +0 falchion (weapon)
Missiles
 q - 2 curare-tipped darts (quivered)
Armour
 d - an orb of light (worn)
 v - a +0 plate armour (worn)
 x - a +0 pair of boots (worn)
Wands
 y - a wand of roots (14)
Scrolls
 b - a scroll of magic mapping {unknown}
 e - 2 scrolls of vulnerability {unknown}
 i - a scroll of enchant armour {unknown}
 j - 3 scrolls of teleportation {unknown}
 n - a scroll of torment {unknown}
 p - a scroll of blinking {unknown}
 s - 2 scrolls of noise {unknown}
 t - a scroll of butterflies {unknown}
 u - 3 scrolls of identify {unknown}
Potions
 c - a potion of ambrosia
 f - a potion of lignification {unknown}
 g - a potion of brilliance {unknown}
 h - 4 potions of flight {unknown}
 k - a potion of cancellation {unknown}
 l - a potion of might {unknown}
 o - 2 potions of invisibility {unknown}
 r - a potion of mutation {unknown}
 w - a potion of curing {unknown}


   Skills:
 + Level 4.9 Fighting
 * Level 6.0 Long Blades
 + Level 1.9 Throwing
 + Level 3.1 Armour
 - Level 3.2 Dodging


You had 5 spell levels left.
You didn't know any spells.
Your spell library contained the following spells:

 Spells                   Type           Power      Damage    Failure   Level
 Scorch                   Fire           0%         2d5       100%        2
 Ozocubu's Armour         Ice            0%         N/A       100%        3
 Flame Wave               Conj/Fire      0%         2d4       100%        4
 Metabolic Englaciation   Hex/Ice        0%         N/A       100%        5
 Simulacrum               Ice/Necr       0%         N/A       100%        6
 Summon Cactus Giant      Summ           0%         N/A       100%        6


Dungeon Overview and Level Annotations

Branches:
Dungeon (4/15)
 Temple: D:4-7

Altars:


Innate Abilities, Weirdness & Mutations

You are amphibious.
You cover ground slowly.
You can hop short distances.
You have an extended range of vision and can be seen from far away.


Message History

The wight is lightly damaged.
The wight hits you with a +3 mace!
You feel drained.
Throw: 2 javelins
Press: ? - help, Q - select action, (/) - cycle Shift-Dir - straight line, f - wight
Aim: a wight, wielding a +3 mace and wearing a +0 robe (lightly damaged, haloed, 79% to hit)
You throw a javelin. The javelin pierces through the wight!
The wight is severely damaged.
The javelin pierces through the wight!
The wight is severely damaged.
The wight barely misses you.
You barely miss the wight.
The wight is severely damaged.
The wight hits you with a +3 mace!
You hit the wight but do no damage.
The wight is severely damaged.
The wight hits you with a +3 mace!
Throw: javelin
Press: ? - help, Q - select action, (/) - cycle Shift-Dir - straight line, f/p - wight
Aim: a wight, wielding a +3 mace and wearing a +0 robe (severely damaged, haloed, 79% to hit)
You throw a javelin. The javelin pierces through the wight!
You destroy the wight!
The javelin pierces through the wight but does no damage.
The wight is severely damaged.
Your life force feels restored.
Your Long Blades skill increases to level 6!
Your Armour skill increases to level 3!
Throw: 3 darts (curare)
Press: ? - help, Q - select action, (/) - cycle Shift-Dir - straight line, f - wight
Aim: a wight, wielding a +3 battleaxe and wearing a +0 robe (severely damaged, haloed, 79% to hit)
You throw a curare-tipped dart.
The curare-tipped dart completely misses the wight.
The wight barely misses you.
You hit the wight but do no damage.
The wight is severely damaged.
The wight hits you with a +3 battleaxe!
* * * LOW HITPOINT WARNING * * *
You hit the wight but do no damage.
The wight is severely damaged.
The wight hits you with a +3 battleaxe!
You die...

..##.(# #. ..#..z #.
..... #. .... #. ...
#. .. #########. #.
#####.......#.
#.######<..'..)....'.
#()z@.######.......#.
#####'#### #########.
#........# #.
#........# #.
#........# #.
#........# #.
#........# #####.
#........# #.....
#########'#####
#.....


You could see a wight.

Vanquished Creatures
  A scorpion (D:4)
  2 wights (D:4)
  An orc priest (D:3)
  3 adders
  A worm (D:3)
  A dart slug (D:2)
  4 orcs (D:3)
  6 bats
  3 endoplasms
  2 giant cockroaches
  3 goblins
  7 hobgoblins
  4 jackals (D:1)
  2 quokkas
  12 ball pythons
  2 frilled lizards (D:3)
  3 kobolds
  3 rats
60 creatures vanquished.

Notes
Turn   | Place    | Note
-------+----------+-------------------------------------------
     0 | D:1      | jagang the Barachi Monk began the quest for the Orb.
     0 | D:1      | Reached XP level 1. HP: 18/18 MP: 1/1
   296 | D:1      | Reached skill level 4 in Long Blades
   296 | D:1      | Reached XP level 2. HP: 25/25 MP: 2/2
   304 | D:1      | Reached skill level 1 in Armour
   776 | D:2      | Reached XP level 3. HP: 30/30 MP: 3/3
  1568 | D:3      | Reached XP level 4. HP: 28/37 MP: 4/4
  1785 | D:3      | Reached skill level 5 in Long Blades
  1956 | D:3      | Reached skill level 1 in Throwing
  1983 | D:3      | Reached XP level 5. HP: 40/43 MP: 5/5
  2240 | D:4      | Identified the +0 scale mail of Lumnyugi {Rampage rF-
                  | Dex+7}
  2413 | D:4      | Reached XP level 6. HP: 50/50 MP: 6/6
  2419 | D:4      | Reached skill level 6 in Long Blades
  2421 | D:4      | Slain by a wight

Illustrated notes

Levels and vault maps discovered:
D:1:      spicycebolla_green_bress_n_ham, layout_rooms, columned_hall_lemuel,
          minmay_misc_feat_chi
D:2:      layout_loops_ring, minmay_stone_trees_medium
D:3:      layout_loops_ring
D:4:      layout_basic, kb_xom_exploding_sheep, grunt_ministairs_3,
          minmay_misc_feat_pillars, uniq_pikel, uniq_natasha

Skill      XL: |  1  2  3  4  5  6 |
---------------+-------------------+-----
Long Blades    | 4 5 6 |  6.0
Armour         | 1 2 3 |  3.1
Fighting       | 4 |  4.9
Throwing       | 1 |  1.9
Dodging        | |  3.2

Action                     |  1- 3 |  4- 6 || total
---------------------------+-------+-------++-------
  Melee: Falchion          |   102 |    54 ||   156
  Throw: Javelin           |       |     8 ||     8
         Dart              |       |     1 ||     1
 Armour: Robe              |     7 |       ||     7
         Leather armour    |    21 |       ||    21
         Plate armour      |       |    21 ||    21
  Dodge: Dodged            |   102 |    13 ||   115
